 Dungeon Crawl Stone Soup version 0.23-a0-79-gaa8cc03 (webtiles) character file.

270 mhoghedin the Charlatan (level 6, -6/37 HPs)
             Began as a Kobold Artificer on Aug 11, 2018.
             Killed themself with a badly aimed fireball (18 damage)
             ... on level 3 of the Dungeon.
             The game lasted 00:03:32 (1815 turns).

mhoghedin the Charlatan (Kobold Artificer)          Turns: 1815, Time: 00:03:33

Health: -6/37      AC:  6    Str: 11    XL:     6   Next: 47%
Magic:  9/9        EV: 16    Int: 12    God:    Xom [..*...]
Gold:   52         SH:  0    Dex: 16    Spells: 5/5 levels left

rFire    . . .     SeeInvis .   a - +0 short sword
rCold    . . .     Gourm    .   (shield restricted)
rNeg     . . .     Faith    .   b - +0 leather armour
rPois    .         Spirit   .   (no helmet)
rElec    .         Reflect  .   i - +0 cloak
rCorr    .         Harm     .   m - +1 pair of gloves
MR       .....                  (no boots)
Stlth    ++........             (no amulet)
HPRegen  0.12/turn              (no ring)
MPRegen  0.11/turn              (no ring)

@: no status effects
A: small, carnivore, wild magic 1
a: Renounce Religion


You were on level 3 of the Dungeon.
You worshipped Xom.
You were a toy of Xom.
You were completely stuffed.

You visited 1 branch of the dungeon, and saw 4 of its levels.

You collected 52 gold pieces.

Inventory:

Hand Weapons
 a - a +0 short sword (weapon)
Armour
 b - a +0 leather armour (worn)
 i - a +0 cloak (worn)
   (You found it on level 3 of the Dungeon)
 m - a +1 pair of gloves (worn)
   (You found it on level 1 of the Dungeon)
Wands
 c - a wand of flame (12)
 d - a wand of enslavement (12)
 e - a wand of random effects (5)
Scrolls
 g - 3 scrolls of identify {unknown}
 k - a scroll of blinking {unknown}
 l - a scroll of magic mapping {unknown}
 n - a scroll of teleportation {unknown}
 p - a scroll of remove curse {unknown}
Potions
 j - a potion of curing {unknown}
 o - 2 potions of brilliance {unknown}
Comestibles
 f - 2 rations
 h - 3 chunks of flesh {@w0}


   Skills:
 + Level 3.0 Fighting
 + Level 3.6 Short Blades
 + Level 4.0 Dodging
 + Level 4.0 Stealth
 + Level 4.8 Evocations


You had 5 spell levels left.
You didn't know any spells.
Your spell library was empty.

Dungeon Overview and Level Annotations

Branches:
Dungeon (4/15)
 Temple: D:4-7

Altars:
Xom


Innate Abilities, Weirdness & Mutations

You are small and have problems with some larger weapons.
You are carnivorous and can eat meat at any time.
Your spells are a little harder to cast, but a little more powerful.


Message History

You hit the rat but do no damage. The rat misses you.
You barely miss the rat. The rat closely misses you.
You hit the rat.
You kill the rat!
No target in view!
You see here a rat corpse.
A gnoll comes into view. It is wielding a club.
A gnoll is nearby! 4 gnolls come into view.
The gnoll shouts! x3; You hear a shout!
The gnoll throws a throwing net.
The throwing net hits you.
You become entangled in the net!
You see here a throwing net {=f, !d}.
Unknown command.
You struggle against the net.
You struggle against the net.
You struggle against the net.
The gnoll hits you but does no damage.
A gnoll comes into view. It is wielding a spear.
You shred the net and break free!
The gnoll shouts!
A gnoll comes into view. It is wielding a spear.
The gnoll completely misses you.
The gnoll barely misses you. "Go forth and destroy!"
You feel better.
You regained 5 hp, and now have 32/36 hp.
Aim: a gnoll (chance to defeat MR: 68%)
The gnoll struggles to resist.
The gnoll hits you.
You take 2 damage, and have 30/36 hp.
That item cannot be evoked!
Unknown command.
Unknown command.
Aim: a gnoll (chance to defeat MR: 68%)
The gnoll struggles to resist.
The gnoll hits you but does no damage. The gnoll closely misses you.
The gnoll completely misses you.
There are monsters nearby!
Aim: a gnoll (chance to defeat MR: 68%)
The gnoll is charmed.
The gnoll hits you from afar with a spear!
The gnoll hits you from afar with a halberd!
* * * LOW HITPOINT WARNING * * *
A shower of butterflies erupts from you!
You take 20 damage, and have 10/36 hp.
MASSIVE DAMAGE!!
The gnoll hits your gnoll with a spear. The gnoll barely misses your gnoll.
The gnoll barely misses your gnoll.
The gnoll hits your butterfly with a halberd.
Your butterfly dies!
Xom's power almost touches on you for a moment.
You hear a crackling sound.
You almost hear Xom's maniacal laughter.
There is a short, sharp shower of sparks.
What are your orders? t - Shout!
Orders for allies: a - Attack new target. p - Attack previous target. r - Retreat! s - Stop attacking. g - Guard the area. f - Follow me.
Anything else - Cancel.
Gang up on whom?
Aim: a gnoll, wielding a halberd Attack!
Your gnoll hits the gnoll.
The gnoll hits your gnoll with a halberd!
Your gnoll dies!
Your butterfly disappears in a puff of smoke!
Something unseen opens the door.
Aim: a gnoll, wielding a halberd (heavily wounded)
The bolt of poison hits the gnoll.
The gnoll is poisoned.
You kill the gnoll!
The bolt of poison hits the gnoll.
You kill the gnoll!
Some of the chunks of flesh in your inventory have rotted away.
Aim: a gnoll, wielding a spear The gnoll flickers and vanishes!
Deactivating autopickup; reactivate with Ctrl-A.
Aim: a gnoll, wielding a spear The bolt of poison hits the gnoll.
The gnoll is poisoned.
The bolt of poison hits the gnoll.
The gnoll is poisoned.
You kill the gnoll!
Your Fighting skill increases to level 3!
Your Stealth skill increases to level 4!
Something hits you but does no damage.
You kill the gnoll!
Your Dodging skill increases to level 4!
Aim: a gnoll, wielding a halberd Something hits you.
* * * LOW HITPOINT WARNING * * *
You take 2 damage, and have 11/37 hp.
Aim: a gnoll, wielding a halberd Nothing appears to happen.
Aim: a gnoll, wielding a halberd The fireball explodes!
The fireball engulfs something.
Aim: a gnoll, wielding a halberd Nothing appears to happen.
Something hits the gnoll but does no damage.
Aim: a gnoll, wielding a halberd
Aim: a gnoll, wielding a halberd The fireball explodes!
The fireball engulfs something.
Reactivating autopickup.
You feel a bit more experienced. The fireball engulfs you!
You die...
Xom chortles!

.......# #.....)#
##.##..####......#
#.##...(.(#.###.#
#.##..†...#.# #.#
#.........#.# #.#
####.#......# #g#
#......##.#####.#
#.##..........#)#
#.##.#...#.##.#@#
#.##.##....##.#.#
#.##.....#.##.#.#
#..........####.#
#########(###.##.#
..........#P..##.#
#########.#....#.#
.# #.#....#.# .#
###..P.#.#


You could see a gnoll.

Vanquished Creatures
  Sigmund (D:3)
  An adder (D:3)
  5 gnolls (D:3)
  A dart slug (D:2)
  2 leopard geckos
  An orc (D:3)
  2 bats (D:1)
  3 giant cockroaches
  6 hobgoblins
  2 jackals (D:3)
  5 kobolds
  A quokka (D:3)
  3 ball pythons
  9 frilled lizards (D:3)
  4 goblins
  4 rats
50 creatures vanquished.

Vanquished Creatures (others)
  A gnoll (D:3)
1 creature vanquished.

Grand Total: 51 creatures vanquished

Notes
Turn   | Place    | Note
-------+----------+-------------------------------------------
     0 | D:1      | mhoghedin the Kobold Artificer began the quest for the Orb.
     0 | D:1      | Reached XP level 1. HP: 12/12 MP: 3/3
    91 | D:1      | HP: 2/12 [hobgoblin/club (5)]
   345 | D:1      | Reached XP level 2. HP: 11/16 MP: 4/4
   770 | D:1      | Reached skill level 2 in Stealth
  1165 | D:2      | Reached skill level 2 in Short Blades
  1167 | D:2      | Reached XP level 3. HP: 16/20 MP: 5/5
  1236 | D:2      | You fall through a shaft for 2 floors!
  1272 | D:3      | Reached skill level 4 in Evocations
  1273 | D:3      | Gained mutation: Your spells are a little harder to cast, but a little more powerful. [potion of mutation]
  1273 | D:3      | Gained mutation: You are dopey. (Int -2) [potion of mutation]
  1273 | D:3      | Lost mutation: You are dopey. (Int -2) [potion of mutation]
  1273 | D:3      | HP: 5/21 [poisoned by an adder]
  1368 | D:3      | Reached skill level 3 in Dodging
  1393 | D:3      | Found a faded altar of an unknown god.
  1452 | D:3      | Became a worshipper of Xom of Chaos
  1563 | D:3      | XOM: potion effect (might)
  1580 | D:3      | Reached XP level 4. HP: 17/26 MP: 7/7
  1640 | D:3      | Reached skill level 2 in Fighting
  1718 | D:3      | Noticed Sigmund
  1722 | D:3      | Killed Sigmund
  1722 | D:3      | Reached skill level 3 in Short Blades
  1722 | D:3      | Reached skill level 3 in Stealth
  1722 | D:3      | Reached XP level 5. HP: 18/32 MP: 8/8
  1722 | D:3      | Reached XP level 6. HP: 20/36 MP: 9/9
  1782 | D:3      | XOM: potion effect (curing)
  1786 | D:3      | XOM: butterfly on damage
  1794 | D:3      | XOM: harmless Ice miscast
  1795 | D:3      | XOM: harmless Air miscast
  1806 | D:3      | Reached skill level 3 in Fighting
  1806 | D:3      | Reached skill level 4 in Stealth
  1807 | D:3      | Reached skill level 4 in Dodging
  1815 | D:3      | Killed themself with a badly aimed fireball

Vault maps used:
D:1:      dpeg_arrival_pits, minmay_misc_feat_secret_circle,
          kennysheep_minor_cross
D:2:      uniq_jessica
D:3:      chequers_ecumenical_altar_simple, minmay_lizard_king, uniq_sigmund,
          uniq_terence
D:4:      kennysheep_slugbush, first_ration, gup_sewer_entry_pipe

Skill      XL: |  1  2  3  4  5  6 |
---------------+-------------------+-----
Stealth        | 2 3 4 |  4.0
Short Blades   | 2 3 |  3.6
Evocations     | 4 |  4.8
Dodging        | 3 4 |  4.0
Fighting       | 2 3 |  3.0

Action                   |  1- 3 |  4- 6 || total
-------------------------+-------+-------++-------
Melee: Short sword       |   122 |    28 ||   150
Evoke: Wand              |     3 |    13 ||    16
  Use: Potion            |     5 |       ||     5
 Stab: Sleeping          |     1 |       ||     1
  Eat: Chunk             |     8 |     3 ||    11
Armor: Leather armour    |    33 |     7 ||    40
Dodge: Dodged            |    96 |    24 ||   120

Table legend:
 A = Non-vault XP
 B = Vault XP
 C = Vault XP percentage of total XP
 D = Non-vault monster count
 E = Vault monster count
 F = Vault count percentage of total count
 G = Total turns spent on level
                 A         B        C        D         E       F
            +---------+---------+-------+---------+---------+-------
      Total |     137 |     250 |  64.6 |      39 |      11 |  22.0
            +---------+---------+-------+---------+---------+-------
        D:1 |      25 |       0 |   0.0 |      15 |       0 |   0.0
        D:2 |       7 |       0 |   0.0 |       2 |       0 |   0.0
        D:3 |     105 |     250 |  70.4 |      22 |      11 |  33.3
            +---------+---------+-------+---------+---------+-------

Vault maps used:
D:1:      dpeg_arrival_pits, minmay_misc_feat_secret_circle,
          kennysheep_minor_cross
D:2:      uniq_jessica
D:3:      chequers_ecumenical_altar_simple, minmay_lizard_king, uniq_sigmund,
          uniq_terence
D:4:      kennysheep_slugbush, first_ration, gup_sewer_entry_pipe

Table legend:
 A = Turns spent in this place as a percentage of turns spent in the entire game.
 B = Non-inter-level travel turns spent in this place as a percentage of non-inter-level travel turns spent in the entire game.
 C = Inter-level travel turns spent in this place as a percentage of turns spent in this place.
 D = Turns resting spent in this place as a percentage of non-inter-level travel turns spent in this place.
 E = Turns spent auto-exploring this place as a percentage of non-inter-level travel turns spent in this place.
 F = Non-inter-level travel turns spent in this place divided by the number of levels of this place that you've seen.
                   A       B       C       D       E      F
               +-------+-------+-------+-------+-------+----------------------
         Total | 100.0 | 100.0 |   2.1 |  38.6 |  38.4 | 444.0
       Dungeon | 100.0 | 100.0 |   2.1 |  38.6 |  38.4 | 444.0
               +-------+-------+-------+-------+-------+----------------------

Table legend:
 A = Kills in this place as a percentage of kills in entire the game.
 B = Kills by you in this place as a percentage of kills by you in the entire game.
 C = Kills by friends in this place as a percentage of kills by friends in the entire game.
 D = Other kills in this place as a percentage of other kills in the entire game.
 E = Experience gained in this place as a percentage of experience gained in the entire game.
 F = Experience gained in this place divided by the number of levels of this place that you have seen.
                   A       B       C       D       E      F
               +-------+-------+-------+-------+-------+----------------------
         Total | 100.0 | 100.0 |   N/A |   N/A | 100.0 |  96.8
       Dungeon | 100.0 | 100.0 |   N/A |   N/A | 100.0 |  96.8
               +-------+-------+-------+-------+-------+----------------------
